 Dungeon Crawl Stone Soup version 0.19.1 (webtiles) character file.

269058 sweak the Peltast (level 19, 0/165 HPs)
             Began as a Minotaur Fighter on Dec 5, 2016.
             Was the Champion of Okawaru.
             Killed from afar by an ice dragon (44 damage)
             ... with a blast of cold
             ... on level 3 of the Depths on Dec 7, 2016.
             The game lasted 06:44:08 (52649 turns).

sweak the Peltast (Minotaur Fighter)               Turns: 52649, Time: 06:44:08

Health: 0/165      AC: 28    Str: 27    XL:     19   Next: 77%
Magic:  23/23      EV: 14    Int:  5    God:    Okawaru [******]
Gold:   3132       SH: 29    Dex: 15    Spells: 0 memorised, 18 levels left

rFire  + + .     SeeInvis .     s - +6 demon whip (elec)
rCold  . . .     Gourm    .     h - +2 plate armour {rPois}
rNeg   . . .     Faith    .     L - +0 large shield
rPois  +         Spirit   .     S - +1 hat
rElec  .         Reflect  +     B - +1 cloak of the Equinox {+Blink rF++ Stlth-}
rCorr  .         Harm     .     a - +0 pair of gloves {Dex+3}
MR     +++..                    v - +1 pair of boots {Fly}
Stlth  ..........               f - +6 amulet of reflection
                                p - ring of protection from magic
                                i - ring of protection from magic

@: flying
A: retaliatory headbutt, horns 2, blurry vision 2
a: Heroism, Finesse, Renounce Religion, Evoke Blink, Stop Flying
}: 1/15 runes: barnacled


You were on level 3 of the Depths.
You worshipped Okawaru.
Okawaru was exalted by your worship.
You were not hungry.

You visited 6 branches of the dungeon, and saw 31 of its levels.
You also visited: Ice Cave.

You collected 3132 gold pieces.

Inventory:

Hand Weapons
 s - a +6 demon whip of electrocution (weapon)
 C - the +9 spear of the Unliving {drain, +Rage rC+ Dex+3}
   (Okawaru gifted it to you on level 2 of the Depths)

   A truly terrible weapon, it drains the life of those it strikes.
   It affects your dexterity (+3).
   It protects you from cold.
   It lets you go berserk.
 D - a +1 trident of flaming
Armour
 a - a +0 pair of gloves of dexterity (worn)
 h - a +2 plate armour of poison resistance (worn)
 v - a +1 pair of boots of flying (worn)
 B - the +1 cloak of the Equinox (worn) {+Blink rF++ Stlth-}
   (You acquired it on level 6 of the Dungeon)

   It greatly protects you from fire.
   It lets you blink.
   It makes you less stealthy.
 L - a +0 large shield (worn)
 S - a +1 hat (worn)
Jewellery
 f - a +6 amulet of reflection (around neck)
 i - a ring of protection from magic (left hand)
 p - a ring of protection from magic (right hand)
Wands
 e - a wand of polymorph (7/24)
 j - a wand of iceblast (1/15)
 o - a wand of iceblast (4/15)
 r - a wand of slowing (19/48)
 u - a wand of paralysis (7/24)
 x - a wand of digging (9/24)
 K - a wand of disintegration (9/24)
 O - a wand of disintegration (13/24)
 Q - a wand of polymorph (10/24)
 T - a wand of lightning (6/15)
 W - a wand of flame (39/48)
 Y - a wand of digging (16/24)
 Z - a wand of acid (8/15)
Scrolls
 b - 2 scrolls of enchant armour
 l - 2 scrolls of recharging
 n - 2 scrolls of fear
 q - 7 scrolls of remove curse
 w - 9 scrolls of magic mapping
 y - 21 scrolls of identify
 z - a scroll of teleportation
 H - a scroll of blinking {unknown}
Potions
 c - a potion of degeneration {unknown}
 d - 5 potions of might
 k - 2 potions of agility
 m - 2 potions of brilliance
 t - 2 potions of magic
 A - 2 potions of resistance
 I - 2 potions of haste
 M - 3 potions of cure mutation
Comestibles
 g - 2 beef jerkies
 E - 2 bread rations
 F - 4 meat rations
 G - a fruit
 J - 9 royal jellies


   Skills:
 - Level 13.6 Fighting
   Level 9.6(17.7) Axes
 + Level 17.2(18.0) Maces & Flails
 + Level 17.1(17.9) Polearms
 + Level 17.5 Armour
 + Level 11.8 Dodging
 + Level 19.4 Shields
 - Level 7.0 Invocations
 - Level 7.0 Evocations


You had 18 spell levels left.
You didn't know any spells.

Dungeon Overview and Level Annotations

Branches:
Dungeon (15/15)            Temple (1/1) D:5            Lair (6/6) D:9
 Shoals (4/4) Lair:4        Snake (0/4) Lair:2        Slime (0/5) Lair:6
    Orc (2/2) D:10            Elf (0/3) Orc:2        Vaults (0/5) D:13
 Depths (3/5) D:15

Altars:
Ashenzari
Cheibriados
Dithmenos
Elyvilon
Fedhas
Gozag
Hepliaklqana
Kikubaaqudgha
Makhleb
Nemelex Xobeh
Okawaru
Qazlal
Ru
Sif Muna
Trog
Uskayaw
Vehumet
Xom
Yredelemnul
Zin
The Shining One

Shops:
D:15 }   Orc:2 %!*(}[

Portals:
Hell: Depths:1 Depths:2
Abyss: Depths:1 Depths:2
Pandemonium: Orc:2 Depths:1 Depths:2

Annotations:
Lair:4 exclusion: oklob plant
Depths:3 the Enchantress


Innate Abilities, Weirdness & Mutations

You reflexively headbutt those who attack you in melee.
You have a pair of horns on your head.
Scrolls take you longer to read.


Message History

You reflect the large rock off an invisible shield around you!
The large rock hits the stone giant!!!
You hear a splash.
The stone giant throws a large rock.
The large rock closely misses you. The stone giant hits you!!
* * * LOW HITPOINT WARNING * * *
You hit the stone giant but do no damage.
There is a sudden explosion of sparks!
The stone giant is severely wounded.
You block the stone giant's attack.
You thrash the stone giant!!
You kill the stone giant!
Okawaru accepts your kill.
You see here 2 large rocks.
You start resting.
An ice dragon comes into view.
The ice dragon roars deafeningly!
The ice dragon breathes frost at you. The blast of cold hits you!
You die...

... ## .... ..#. .≈≈...
..... .≈.... ....>
.≈....#### .....
.≈.......# ..#..
≈≈.......# . ###
≈≈≈≈.....## #### ##
≈≈≈≈≈..))@###...##...## #.
..(.(...))..§D..(....#.###
....≈.(......(≈≈≈≈........
....≈≈.......≈≈≈≈≈........
..≈≈≈≈.......≈≈≈≈.........
...≈≈≈≈......≈≈≈≈.........
.≈..≈≈≈≈......≈≈..........
..≈..............#.##.....
≈.≈≈≈..........>....(.....


You could see an ice dragon.

Vanquished Creatures
  A titan (Depths:2)
  A sphinx (Depths:2)
  Polyphemus (Shoals:2)
  A tengu reaver (Depths:1)
  Kirke (Lair:4)
  Ilsuiw (Shoals:4)
  3 fire giants (Depths:2)
  3 frost giants
  An iron dragon (Depths:3)
  8 very ugly things
  15 stone giants
  Nessos (Orc:1)
  A dire elephant (Lair:6)
  4 spark wasps
  Snorg (Lair:6)
  13 ettins
  Azrael (D:14)
  5 fire dragons
  3 merfolk javelineers (Shoals:4)
  Josephine (D:10)
  8 hydras
  2 yaktaur captains
  Fannar (Lair:3)
  Harold (Lair:3)
  14 merfolk impalers
  A rakshasa (D:13)
  A vault guard (D:13)
  4 great orbs of eyes
  8 merfolk avatars
  5 ice dragons
  A catoblepas (Shoals:2)
  A spriggan air mage (Depths:2)
  4 centaur warriors
  8 merfolk aquamancers
  A death knight (D:11)
  9 ogre magi
  3 satyrs
  2 tengu warriors (D:15)
  5 deep troll earth magi
  3 deep troll shamans
  15 death yaks
  5 orc high priests
  A soul eater (Orc:2)
  Nergalle (Lair:2)
  2 sun demons (Depths:1)
  2 spriggan berserkers (Depths:1)
  Sonja (D:11)
  The ghost of ghwc the Covert, a novice KoSu of Okawaru (D:8)
  An iron troll (Depths:1)
  4 infernal demonspawn
  2 shadow demons
  15 deep trolls
  13 sea snakes
  2 unseen horrors
  A gelid demonspawn (Orc:2)
  3 glowing orange brains
  4 wizards
  17 hill giants
  3 torturous demonspawn
  52 harpies
  6 orc knights
  An orb spider (shapeshifter) (Depths:2)
  16 ugly things
  2 deep elf magi (D:14)
  A faun (shapeshifter) (D:15)
  8 orc sorcerers (Orc:2)
  17 manticores
  15 fauns
  6 elephants
  19 cyclopes
  7 sirens
  An elephant (shapeshifter) (D:15)
  A rust devil (Orc:2)
  4 black mambas
  6 water nymphs
  A smoke demon (Depths:1)
  13 spiny frogs
  2 molten gargoyles (Lair:1)
  A spiny frog (shapeshifter) (D:15)
  A gargoyle (D:12)
  A torpor snail (Lair:5)
  An orange demon (Orc:2)
  2 rime drakes
  2 centaur skeletons (D:13)
  A kobold demonologist (D:15)
  13 yaktaurs
  3 freezing wraiths (D:11)
  10 komodo dragons
  3 red devils
  7 polar bears (Lair:6)
  42 merfolk
  2 hellwings (Orc:2)
  A queen bee (Lair:2)
  7 wind drakes
  7 trolls
  2 jumping spiders (shapeshifter)
  7 two-headed ogres
  6 hornets
  6 meliai (D:15)
  7 blink frogs (Lair:1)
  6 dream sheep
  22 slime creatures
  15 snapping turtles
  5 hippogriffs
  A shadow (D:15)
  5 spriggans
  12 water elementals
  2 air elementals (Depths:2)
  7 wraiths
  7 wyverns
  4 hogs (D:9)
  42 yaks
  4 basilisks
  A fire elemental (D:14)
  A golden eye (shapeshifter) (Depths:3)
  A human (D:9)
  A hungry ghost (D:12)
  12 vampire mosquitoes
  5 wargs
  2 mottled dragons (D:14)
  19 water moccasins
  A soldier ant (D:11)
  6 nagas (Lair:2)
  A water moccasin (shapeshifter) (Depths:1)
  9 porcupines
  3 hell hounds (D:14)
  A floating eye (Depths:2)
  4 sky beasts
  5 black bears
  2 hornet zombies
  4 ice beasts
  A phantom (D:9)
  44 orc warriors
  A necrophage (D:14)
  20 ogres
  2 wolves (Lair:3)
  3 boggarts (Depths:1)
  8 centaurs
  22 crocodiles
  7 big kobolds
  18 bullfrogs
  2 wyvern skeletons
  5 scorpions
  16 wights
  29 killer bees
  2 howler monkeys
  An electric eel (D:11)
  A bullfrog zombie (D:12)
  12 crimson imps
  5 centaur zombies
  3 jellies
  27 orc priests
  2 gnoll shamans
  7 hounds
  An iguana (D:11)
  2 iron imps (Depths:1)
  23 orc wizards
  9 worker ants
  2 hound skeletons
  16 gnolls
  11 adders
  2 river rats (D:9)
  6 shadow imps
  3 white imps (Depths:1)
  An ooze (D:4)
  3 adder skeletons
  A dart slug (D:1)
  5 leopard geckos
  81 orcs
  15 bats
  6 giant cockroaches
  4 goblins
  4 hobgoblins
  18 jackals
  29 kobolds
  3 quokkas
  A ball python (D:5)
  4 frilled lizards
  A giant cockroach zombie (D:5)
  A leopard gecko skeleton (D:5)
  A quokka skeleton (D:4)
  A quokka zombie (D:6)
  10 rats
  A fungus (Lair:6)
  A plant (Lair:6)
1265 creatures vanquished.

Vanquished Creatures (others)
  A fire giant (Depths:2)
  4 merfolk javelineers (Shoals:4)
  A centaur warrior (Depths:2)
  A deep troll shaman (Depths:2)
  A vampire mage (Depths:2)
  A cyclops (Depths:2)
  A gargoyle (D:14)
  2 humans
  2 boggarts (Depths:1)
  3 centaurs
  An orc wizard (D:15)
  A leopard gecko (D:3)
  15 fungi
  42 plants
76 creatures vanquished.

Grand Total: 1341 creatures vanquished

Notes
Turn   | Place    | Note
-------+----------+-------------------------------------------
     0 | D:1      | sweak the Minotaur Fighter began the quest for the Orb.
     0 | D:1      | Reached XP level 1. HP: 19/19 MP: 0/0
   219 | D:1      | Reached XP level 2. HP: 27/27 MP: 1/1
   308 | D:1      | Reached skill level 4 in Shields
   866 | D:2      | Reached XP level 3. HP: 26/33 MP: 2/2
  1799 | D:3      | Reached XP level 4. HP: 40/40 MP: 3/3
  2242 | D:4      | Noticed a black bear
  2258 | D:4      | Reached XP level 5. HP: 38/47 MP: 4/4
  2266 | D:4      | Killed a black bear
  2266 | D:4      | Reached skill level 5 in Shields
  2270 | D:4      | Reached skill level 5 in Polearms
  2622 | D:4      | Noticed an ogre
  2904 | D:4      | Reached XP level 6. HP: 50/53 MP: 5/5
  2920 | D:4      | Reached skill level 5 in Armour
  3783 | D:3      | Reached skill level 5 in Fighting
  3783 | D:3      | Reached XP level 7. HP: 42/61 MP: 6/6
  4033 | D:4      | Found a sparkling altar of Nemelex Xobeh.
  4063 | D:5      | Entered Level 5 of the Dungeon
  4118 | D:5      | Reached skill level 6 in Shields
  4466 | D:5      | Reached XP level 8. HP: 45/69 MP: 7/7
  4655 | D:5      | Found a basalt altar of Yredelemnul.
  4784 | D:5      | Found a staircase to the Ecumenical Temple.
  4793 | Temple   | Entered the Ecumenical Temple
  4814 | Temple   | Became a worshipper of Warmaster Okawaru
  4947 | D:5      | Gained mutation: You possess an exceptional clarity of mind. [potion of beneficial mutation]
  5139 | D:6      | Reached skill level 7 in Shields
  5334 | D:6      | Noticed a hill giant
  5364 | D:6      | Killed a hill giant
  5364 | D:6      | Reached * piety under Okawaru
  5597 | D:6      | Reached skill level 8 in Shields
  5632 | D:6      | Reached XP level 9. HP: 75/78 MP: 8/8
  5883 | D:6      | Reached skill level 1 in Invocations
  5926 | D:6      | Identified a scroll of acquirement
  5929 | D:6      | Got a slimy cloak
  5940 | D:6      | Identified the +1 cloak of the Equinox {+Blink rF++ Stlth-} (You acquired it on level 6 of the Dungeon)
  5959 | D:7      | Noticed a hill giant
  5968 | D:7      | Killed a hill giant
  5968 | D:7      | Reached ** piety under Okawaru
  5968 | D:7      | Reached skill level 10 in Polearms
  5968 | D:7      | Reached skill level 1 in Evocations
  7492 | D:8      | Reached XP level 10. HP: 71/86 MP: 11/11
  7589 | D:8      | Noticed ghwc's ghost (novice KoSu)
  7638 | D:8      | Killed ghwc's ghost
  7638 | D:8      | Reached *** piety under Okawaru
  7638 | D:8      | Reached skill level 9 in Shields
  8790 | D:9      | Reached **** piety under Okawaru
  9071 | D:9      | Found a staircase to the Lair.
  9194 | Lair:1   | Entered Level 1 of the Lair of Beasts
  9748 | Lair:1   | Reached skill level 5 in Evocations
  9913 | Lair:1   | Reached XP level 11. HP: 90/95 MP: 13/13
  9993 | Lair:1   | Reached skill level 10 in Shields
 10036 | Lair:1   | Reached ***** piety under Okawaru
 10620 | Lair:1   | Received a gift from Okawaru
 10625 | Lair:1   | Got a jewelled longbow {god gift}
 11676 | Lair:2   | Noticed an eight-headed hydra
 11702 | Lair:2   | Killed an eight-headed hydra
 11962 | Lair:2   | Reached skill level 11 in Shields
 12110 | Lair:2   | Noticed Nergalle
 12129 | Lair:2   | Killed Nergalle
 12129 | Lair:2   | Reached XP level 12. HP: 104/106 MP: 12/15
 12234 | Lair:2   | Reached skill level 10 in Fighting
 12326 | Lair:2   | Found a staircase to the Snake Pit.
 12468 | Lair:2   | Reached ****** piety under Okawaru
 12792 | Lair:3   | Noticed Harold
 12822 | Lair:3   | Received a gift from Okawaru
 12854 | Lair:3   | Killed Harold
 12950 | Lair:3   | Noticed Fannar
 12975 | Lair:3   | Reached skill level 10 in Armour
 12990 | Lair:3   | Killed Fannar
 13321 | Lair:3   | Reached skill level 5 in Invocations
 13386 | Lair:3   | Noticed a four-headed hydra
 13397 | Lair:3   | Killed a four-headed hydra
 13492 | Lair:3   | Reached skill level 12 in Shields
 14219 | Lair:4   | Found a staircase to the Shoals.
 14422 | Lair:5   | Noticed Kirke
 14439 | Lair:4   | Killed Kirke
 14814 | Lair:5   | Received a gift from Okawaru
 15174 | Lair:5   | Reached XP level 13. HP: 98/116 MP: 16/16
 15357 | Lair:6   | Entered Level 6 of the Lair of Beasts
 15586 | Lair:6   | Found a staircase to the Slime Pits.
 16142 | Lair:6   | Reached skill level 1 in Axes
 16772 | Lair:5   | Reached skill level 13 in Shields
 17625 | Lair:6   | Noticed Snorg
 17672 | Lair:6   | Killed Snorg
 17672 | Lair:6   | Received a gift from Okawaru
 17673 | Lair:6   | Got a fine ring mail {god gift}
 17943 | Lair:6   | Identified the +1 ring mail "Jyul" {Dex+3 Slay+2} (Okawaru gifted it to you on level 6 of the Lair of Beasts)
 18162 | Lair:6   | Reached skill level 5 in Axes
 19087 | Lair:6   | Noticed a dire elephant
 19144 | Lair:6   | Killed a dire elephant
 19981 | Lair:6   | Reached XP level 14. HP: 110/125 MP: 12/18
 20004 | Lair:6   | Reached skill level 14 in Shields
 20582 | Lair:6   | Received a gift from Okawaru
 21070 | D:10     | Entered Level 10 of the Dungeon
 21219 | D:10     | Noticed Josephine
 21242 | D:10     | Killed Josephine
 21344 | D:10     | Found a staircase to the Orcish Mines.
 22175 | Orc:1    | Entered Level 1 of the Orcish Mines
 22667 | Orc:2    | Entered Level 2 of the Orcish Mines
 22794 | Orc:2    | Found Fafar's Food Boutique.
 22961 | Orc:2    | Found Vukimpof's General Store.
 22962 | Orc:2    | Found Jabbo's Distillery.
 22971 | Orc:2    | Noticed Nessos
 23930 | Orc:1    | Killed Nessos
 24120 | Orc:2    | Reached skill level 15 in Shields
 24170 | Orc:2    | Received a gift from Okawaru
 24191 | Orc:2    | Got a slimy demon trident {god gift}
 24351 | Orc:2    | Identified the +3 demon trident of the Magi {elec, rElec MR+ Stlth+} (Okawaru gifted it to you on level 2 of the Orcish Mines)
 24498 | Orc:2    | Reached skill level 15 in Polearms
 24867 | Orc:2    | Received a gift from Okawaru
 25099 | Orc:2    | Found Intiomox's Antique Weapon Shoppe.
 25099 | Orc:2    | Found a one-way gate leading to the halls of Pandemonium.
 25099 | Orc:2    | Found Wugudana's Gadget Emporium.
 25163 | Orc:2    | Found a staircase to the Elven Halls.
 25165 | Orc:2    | Found Poedukh's Antique Armour Shop.
 25256 | Orc:2    | Reached XP level 15. HP: 135/135 MP: 19/19
 26426 | D:11     | Noticed Sonja
 26651 | D:11     | Killed Sonja
 27666 | D:12     | Found a hide-covered altar of Uskayaw.
 28216 | D:13     | Reached skill level 1 in Dodging
 28507 | D:13     | Received a gift from Okawaru
 28689 | D:13     | Found a gate to the Vaults.
 28827 | D:13     | Gained mutation: Your spells are a little harder to cast, but a little more powerful. [potion of beneficial mutation]
 29498 | D:14     | Noticed Azrael
 29501 | D:14     | Reached skill level 1 in Maces & Flails
 29511 | D:14     | Killed Azrael
 30013 | D:14     | Reached skill level 5 in Maces & Flails
 30585 | D:14     | Found a deep blue altar of Sif Muna.
 30686 | D:15     | Entered Level 15 of the Dungeon
 31237 | D:15     | Got a twitching lapis lazuli ring
 31239 | D:15     | Identified the ring of the Endless Expanse {EV+2 SInv} (You found it on level 15 of the Dungeon)
 31309 | D:15     | Found a glowing golden altar of the Shining One.
 31425 | D:15     | Found Etis Hum's Gadget Shop.
 31669 | D:15     | Reached skill level 10 in Maces & Flails
 31732 | D:15     | Received a gift from Okawaru
 31733 | D:15     | Got a scorched plate armour {god gift}
 31746 | D:15     | Identified the +1 plate armour of Mask {-Cast rC+ Int+4 SInv} (Okawaru gifted it to you on level 15 of the Dungeon)
 32315 | D:15     | Found a staircase to the Depths.
 32418 | D:14     | Reached XP level 16. HP: 144/144 MP: 20/20
 32613 | Shoals:1 | Entered Level 1 of the Shoals
 34337 | Shoals:1 | Reached skill level 16 in Shields
 34786 | Lair:1   | Gained mutation: You have large cloven feet. [potion of mutation]
 34786 | Lair:1   | Gained mutation: Armour fits poorly on your strangely shaped body. [potion of mutation]
 35008 | Shoals:2 | Noticed Polyphemus
 37163 | Shoals:2 | Received a gift from Okawaru
 37410 | Shoals:2 | HP: 6/144 [Polyphemus (13)]
 37411 | Shoals:2 | HP: 1/144 [Polyphemus/catoblepas (5)]
 37943 | Shoals:2 | Killed Polyphemus
 38469 | Shoals:2 | Reached skill level 5 in Dodging
 38866 | Shoals:3 | Found a frozen archway.
 39153 | IceCv    | Entered an ice cave
 39671 | Depths:1 | Entered Level 1 of the Depths
 39681 | D:15     | Received a gift from Okawaru
 39969 | Depths:1 | Reached XP level 17. HP: 84/150 MP: 21/21
 40230 | Depths:1 | Found a one-way gate to the infinite horrors of the Abyss.
 40465 | Depths:1 | Found a gateway to Hell.
 40986 | Depths:1 | Reached skill level 17 in Shields
 42034 | Depths:1 | Lost mutation: You possess an exceptional clarity of mind. [potion of cure mutation]
 42034 | Depths:1 | Lost mutation: You have large cloven feet. [potion of cure mutation]
 42034 | Depths:1 | Lost mutation: Armour fits poorly on your strangely shaped body. [potion of cure mutation]
 42034 | Depths:1 | Lost mutation: Your spells are a little harder to cast, but a little more powerful. [potion of cure mutation]
 42462 | Depths:1 | Reached skill level 15 in Armour
 42540 | Depths:2 | Paralysed by a floating eye for 4 turns
 43206 | Depths:2 | Received a gift from Okawaru
 43212 | Depths:2 | Got a crystal spear {god gift}
 43213 | Depths:2 | Identified the +9 spear of the Unliving {drain, +Rage rC+ Dex+3} (Okawaru gifted it to you on level 2 of the Depths)
 43300 | Depths:2 | Reached skill level 15 in Maces & Flails
 44289 | Depths:2 | Received a gift from Okawaru
 44316 | Depths:2 | Reached XP level 18. HP: 76/158 MP: 22/22
 44952 | Depths:2 | Reached skill level 18 in Shields
 45636 | Depths:2 | Reached skill level 10 in Dodging
 46194 | Depths:2 | Received a gift from Okawaru
 46412 | Depths:2 | Gained mutation: Scrolls take you a little longer to read. [a neqoxec]
 46421 | Depths:2 | Gained mutation: Scrolls take you longer to read. [a neqoxec]
 48118 | Shoals:4 | Entered Level 4 of the Shoals
 48122 | Shoals:4 | Noticed Ilsuiw
 48951 | Shoals:4 | Reached XP level 19. HP: 87/165 MP: 23/23
 49587 | Shoals:4 | Killed Ilsuiw
 49717 | Shoals:4 | Reached skill level 19 in Shields
 50952 | Shoals:4 | Got a barnacled rune of Zot
 51005 | Shoals:2 | Received a gift from Okawaru
 52225 | Depths:3 | Noticed the Enchantress
 52276 | Depths:3 | HP: 8/165 [stone giant/large rock (8)]
 52649 | Depths:3 | Killed from afar by an ice dragon

Skill      XL: |  1  2  3  4  5  6  7  8  9 10 11 12 13 14 15 16 17 18 19 |
---------------+----------------------------------------------------------+-----
Armour         | 4 5 6 7 8 9 10 11 12 13 14 15 16 17 | 17.5
Shields        | 4 5 6 8 9 11 12 13 15 16 17 18 19 | 19.4
Fighting       | 4 5 6 7 8 9 11 13 | 13.6
Polearms       | 3 4 5 6 7 9 11 12 13 14 15 16 17 | 17.1
Invocations    | 1 3 5 7 |  7.0
Evocations     | 3 5 6 7 |  7.0
Axes           | 6 9 |  9.6
Dodging        | 2 6 9 10 11 | 11.8
Maces & Flails | 10 13 15 16 17 | 17.2

Action                   |  1- 3 |  4- 6 |  7- 9 | 10-12 | 13-15 | 16-18 | 19-21 || total
-------------------------+-------+-------+-------+-------+-------+-------+-------++-------
Melee: Trident           |   105 |    89 |   255 |   889 |       |       |       ||  1338
       Headbutt          |    12 |    30 |    84 |   199 |   562 |   629 |   115 ||  1631
       Spear             |       |   115 |   199 |   271 |   223 |  1099 |   159 ||  2066
       Hand axe          |       |       |       |       |   917 |       |       ||   917
       Demon trident     |       |       |       |       |   620 |       |       ||   620
       Demon whip        |       |       |       |       |   429 |   956 |   342 ||  1727
Invok: Heroism           |       |       |       |     6 |     7 |     3 |     2 ||    18
       Finesse           |       |       |       |       |     3 |       |       ||     3
 Abil: Evoke Blink       |       |       |       |     1 |     2 |       |       ||     3
Evoke: Wand              |       |       |       |       |    11 |       |       ||    11
  Use: Scroll            |     7 |     2 |     7 |       |     3 |     6 |     4 ||    29
       Potion            |     3 |     2 |     7 |     4 |     9 |     7 |     6 ||    38
 Stab: Petrified         |       |       |       |       |       |     3 |       ||     3
  Eat: Chunk             |     3 |     2 |     5 |    15 |     8 |    10 |     1 ||    44
       Fruit             |       |     4 |     1 |     3 |     6 |     6 |     1 ||    21
       Bread ration      |       |       |     1 |     1 |     7 |     5 |     1 ||    15
       Royal jelly       |       |       |     1 |     1 |     1 |       |       ||     3
       Beef jerky        |       |       |       |     2 |     1 |     1 |     2 ||     6
       Meat ration       |       |       |       |       |     2 |       |     1 ||     3
       Pizza             |       |       |       |       |       |     9 |       ||     9
Armor: Scale mail        |    31 |       |       |       |       |       |       ||    31
       Chain mail        |    17 |    77 |   127 |       |       |       |       ||   221
       Plate armour      |       |       |     5 |   301 |   645 |   462 |   112 ||  1525
Dodge: Dodged            |    23 |    29 |    57 |   113 |   193 |   385 |   129 ||   929
Block: Shield            |    59 |    79 |   137 |   292 |       |       |       ||   567
       Large shield      |       |       |       |   219 |  1523 |  1630 |   618 ||  3990
       Reflection        |       |       |       |       |       |    74 |    70 ||   144
